Oka, lawful male human Knight - - --..| ..--...-- ....)...... ....)...@... ...)..)))... ......---.. ...--- - .. Oka the Bachelor Experience level: 6 Strength: 17 Dexterity: 8 Constitution: 12 Intelligence: 7 Wisdom: 15 Charisma: 18 Health: 29(52) Energy: 43(43) Def: 14 Gold: 1087 Moves: 3204 Dungeon seed: r6rFw0iFBJfXKq5T Game ID: Oka_1432473029 Your Inventory: Coins $ - 1087 gold pieces Weapons a - the blessed rustproof +1 Excalibur (weapon in hand) j - a -1 dagger (alternate weapon; not wielded) l - a +0 katana Armor q - an uncursed +0 small shield (being worn) r - an uncursed +0 pair of leather gloves (being worn) z - a blessed +1 dwarvish cloak (being worn) O - an uncursed +1 dwarvish mithril-coat (being worn) P - an uncursed +0 pair of iron shoes (being worn) Y - an uncursed +0 dwarvish iron helm (being worn) Comestibles c - 11 uncursed apples d - 12 uncursed carrots h - 3 uncursed food rations k - an uncursed sprig of wolfsbane Scrolls g - an uncursed scroll of light i - an uncursed scroll of confuse monster o - an uncursed scroll of destroy armor C - an uncursed scroll of scare monster U - a cursed scroll of magic mapping Potions t - an uncursed potion of blindness X - an uncursed potion of water Rings m - a cursed -2 ring of adornment N - an uncursed ring of conflict V - a cursed +2 ring of adornment Z - an uncursed ring of slow digestion Wands e - a cursed wand of cancellation (0:4) D - a wand of nothing (0:8) Tools f - an uncursed lock pick x - an uncursed tin opener H - an uncursed tallow candle (0:200) I - an uncursed stethoscope L - an uncursed brass lantern (lit) (0:203) M - 7 uncursed wax candles (0:400) Gems y - an uncursed worthless piece of white glass Spells known in the end: Name Level Category Fail Memory Your skills at the end: Fighting Skills riding [Basic] Weapon Skills long sword [Skilled] polearms [Basic] Spellcasting Skills Final Attributes: You were fervently aligned. You were level-drain resistant. You were confused. You were telepathic. You had automatic searching. You could jump. You were very fast. You survived. Vanquished creatures: a ghost a rock mole a fog cloud 3 gnome lords a gnomish wizard a baby crocodile 2 floating eyes a dwarf a kobold shaman a giant bat an orc zombie a wererat 4 iguanas a gas spore a hobbit 2 giant rats a green mold a red mold 18 gnomes 2 garter snakes a gnome zombie 2 geckos a jackal 2 foxen 2 kobolds a sewer rat 2 grid bugs 2 bats 5 lichens a newt 64 creatures vanquished. Voluntary challenges: You were an atheist. You used a wielded weapon 89 times, starting on turn 34. You read items or engraved 1 time, starting on turn 443. You never genocided any monsters. You never polymorphed an object. You never changed form. You used no wishes. You never split a pudding. You never wrote Elbereth's name. You violated your moral code, losing 2 points of alignment, starting on turn 1359. You abstained from Elbereth's help. Dungeon overview: The Dungeons of Doom: levels 1 to 4 Level 1 a long staircase Level 2 Level 3 a sink stairs to The Gnomish Mines Level 4 The Gnomish Mines: levels 4 to 6 Level 4 stairs to The Dungeons of Doom Level 5 Level 6 <- You were here History has recorded: On T:1 you entered the Dungeons of Doom to retrieve the Amulet of Yendor! On T:349 you advanced to experience level 2. On T:371 you reached level 2 of The Dungeons of Doom. On T:748 you reached level 3 of The Dungeons of Doom. On T:909 you advanced to experience level 3. On T:1516 you reached level 4 of The Dungeons of Doom. On T:1862 you advanced to experience level 4. On T:2035 you reached level 1 of The Gnomish Mines. On T:2249 you advanced to experience level 5. On T:2660 you reached level 2 of The Gnomish Mines. On T:2970 you advanced to experience level 6. On T:3160 you reached level 3 of The Gnomish Mines. Score breakdown: Gold: 1087 (10329 points) Experience: 6 levels (12456 points) Exploration: 6 levels ( 12.24%) ( 9682 points) Discoveries: 6 items ( 2.43%) ( 4675 points) Valuables value: (no points given unless you survive) Artifact value: 4000 (12253 points) Variety of kills: 30 monsters ( 7.92%) ( 8440 points) Time penalty: 3204 turns ( -697 points) Survival: quit (score multiplied by 90%) Total score: 51424 Latest messages: Something hits! Something misses. (2x) Something hits! It misses. Something hits! (3x) You awake with a headache. You read: "Minoru, killed by a crossbow bolt". There are many more objects here. Your movements are slowed slightly because of your load. Final status: Fare thee well Oka the Knight, quit... You quit in The Gnomish Mines on dungeon level 6 with 51424 points, and 1087 pieces of gold, after 3204 moves. You were level 6 with a maximum of 52 hit points when you quit.